[Event "*** Titled Tuesday Blitz"]
[Site "Chess.com"]
[Date "2020.04.21"]
[Round "5"]
[White "pgradalski"]
[Black "UmutErdemGunduz"]
[Result "0-1"]
[WhiteElo "2212"]
[BlackElo "2369"]
[TimeControl "180+1"]
[EndTime "10:56:34 PDT"]
[Termination "UmutErdemGunduz won by resignation"]

1. e4 Nc6 2. Nc3 e5 3. Bc4 Nf6 4. d3 Bc5 5. f4 d6 6. Nf3 Ng4 7. Qe2 Bf2+ 8. Kd1 Nd4 9. Nxd4 Bxd4 10. Rf1 Nxh2 11. Bxf7+ Kxf7 12. Qh5+ g6 13. Qxh2 Bg4+ 14. Ne2 h5 15. fxe5+ Kg7 16. exd6 Rf8 17. Rxf8 Qxf8 18.
Qf4 Qxf4 19. Bxf4 Rf8 20. g3 g5 21. c3 gxf4 22. cxd4 f3 23. Nf4 h4 24. Kd2 hxg3 25. Ke3 cxd6 26. Rg1 f2 27. Rf1 Rxf4 28. e5 Rf3+ 29.
Ke4 g2 30. exd6 gxf1=Q 31. d7 Qxd3+ 32. Ke5 Rf5+ 33. Kd6 Qxd4+ 0-1

[Event "*** Titled Tuesday Blitz"]
[Site "Chess.com"]
[Date "2020.04.21"]
[Round "5"]
[White "WeAintSurePal"]
[Black "quesfr"]
[Result "1-0"]
[WhiteElo "2360"]
[BlackElo "2192"]
[TimeControl "180+1"]
[EndTime "10:56:34 PDT"]
[Termination "WeAintSurePal won by resignation"]

1. d4 d5 2. Bf4 c5 3. e3 Nc6 4.
Nc3 cxd4 5. exd4 Bf5 6. Nf3 e6 7. Bd3 Bg6 8. O-O Bd6 9. Ne5 Nxe5 10. dxe5 Bc7 11. Bb5+ Kf8 12. Qd4 Ne7 13. Bg5 a6 14. Bd3 Rc8 15. Rae1 Qd7 16. Qb4 h6 17. Bh4 Bxd3 18.
cxd3 Ke8 19. Bxe7 Qxe7 20. Qxb7 Rb8 21. Qxa6 Rxb2 22. Nb5 Qd8 23. Qc6+ Qd7 24. Nxc7+ Kd8 25. Qa8+ Qc8 26. Qa3 Rb7 27. Rc1 Rxc7 28. Qa5 Kd7 29. Qb5+ Rc6 30. Rc5 Qc7 31. Rfc1 Rc8 32. Rxc6 Qxc6 33.
Rxc6 Rxc6 34. g3 1-0

[Event "*** Titled Tuesday Blitz"]
[Site "Chess.com"]
[Date "2020.04.21"]
[Round "5"]
[White "EvgenyRomanov"]
[Black "rasmussvane"]
[Result "0-1"]
[WhiteElo "2636"]
[BlackElo "2874"]
[TimeControl "180+1"]
[EndTime "10:56:35 PDT"]
[Termination "rasmussvane won by resignation"]

1. c4 e6 2. g3 d5 3. Bg2 Nf6 4.
d4 Be7 5. Nf3 O-O 6. Qc2 c5 7.
dxc5 d4 8. O-O Nc6 9. Nbd2 Bxc5 10. Nb3 Be7 11. Bf4 Nd7 12. Rad1 e5 13. Bc1 a5 14. e3 a4 15. Na1 Nc5 16. Nxe5 Nxe5 17. exd4 Qc7 18. dxe5 Qxe5 19. Bf4 Qf6 20. Rfe1 Bf5 21. Qe2 Rfe8 22. Rd5 h6 23. Re5 Ne6 24. Bc1 Bd6 25.
Re3 Bc5 26. Re5 Bd4 27. Rd5 Nc7 28. Qd1 Nxd5 29. Rxe8+ Rxe8 30. Bxd5 Bg4 31. Qf1 Bh3 32. Bg2 Qxf2+ 0-1

[Event "*** Titled Tuesday Blitz"]
[Site "Chess.com"]
[Date "2020.04.21"]
[Round "5"]
[White "Saxar85"]
[Black "albano87"]
[Result "1-0"]
[WhiteElo "2596"]
[BlackElo "2377"]
[TimeControl "180+1"]
[EndTime "10:56:35 PDT"]
[Termination "Saxar85 won by resignation"]

1. Nf3 c5 2. b3 Nc6 3. Bb2 d6 4. d4 cxd4 5. Nxd4 Nf6 6. g3 Bd7 7. Bg2 a6 8. O-O e6 9. c4 Be7 10. e4 O-O 11. Nc3 Qc7 12. Rc1 Nxd4 13. Qxd4 Rac8 14.
Rfd1 Rfd8 15. a4 Qa5 16. Qd2 Qb6 17. Qc2 Bc6 18. h3 Qc5 19. Ne2 b5 20. cxb5 Qxc2 21.
Rxc2 axb5 22. Rdc1 Bd7 23. Rxc8 Rxc8 24. Rxc8+ Bxc8 25. axb5 Nd7 26. Nd4 Nc5 27. Nc6 Kf8 28. b4 Nd3 29.
Bd4 e5 30. Bc3 Ke8 31. Bf1 Nc1 32. Bc4 Be6 33. Bxe6 fxe6 34. Kf1 Bd8 35. Nxd8 Kxd8 36.
Ke1 Nb3 37. Kd1 Kc7 38. Kc2 Nd4+ 39. Bxd4 exd4 40. Kd3 Kb6 41. Kxd4 Kxb5 42. Kc3 g5 43. f4 1-0

[Event "*** Titled Tuesday Blitz"]
[Site "Chess.com"]
[Date "2020.04.21"]
[Round "5"]
[White "MilanovicDan"]
[Black "1977Ivan"]
[Result "0-1"]
[WhiteElo "2458"]
[BlackElo "2693"]
[TimeControl "180+1"]
[EndTime "10:56:36 PDT"]
[Termination "1977Ivan won on time"]

1. d4 Nf6 2. c4 d6 3. Nc3 e5 4.
Nf3 Nfd7 5. e4 Be7 6. Be2 O-O 7. O-O a5 8. Be3 c6 9. Qc2 Na6 10. Rad1 Qc7 11. a3 Re8 12. d5 Ndc5 13. b3 Rf8 14. Qb2 f5 15. exf5 Bxf5 16. b4 axb4 17. axb4 Ne4 18.
dxc6 Nxc3 19. Qxc3 bxc6 20. c5 d5 21. Nxe5 Nxb4 22. f4 Nc2 23. Bf2 Ra3 24. Qd2 Bf6 25. Bd3 Bxd3 26. Nxd3 Nd4 27. Rde1 Nb5 28. Re6 Nc3 29.
Nb4 Ne4 30. Qe2 Qb7 31. Nxc6 Qd7 32. f5 Nc3 33. Qd3 d4 34. Qc4 Kh8 35. h3 d3 0-1

[Event "*** Titled Tuesday Blitz"]
[Site "Chess.com"]
[Date "2020.04.21"]
[Round "5"]
[White "czasnaszachy"]
[Black "kallerotmg"]
[Result "0-1"]
[WhiteElo "2332"]
[BlackElo "2183"]
[TimeControl "180+1"]
[EndTime "10:56:36 PDT"]
[Termination "kallerotmg won by resignation"]

1. d4 Nf6 2. c4 e6 3. Nc3 Bb4 4.
e3 O-O 5. Ne2 d5 6. a3 Be7 7.
cxd5 exd5 8. g3 c6 9. Bg2 Na6 10. O-O Nc7 11. f3 Re8 12. e4 dxe4 13. fxe4 Bg4 14.
Be3 Ne6 15. Qd2 Qd7 16. Nf4 Rad8 17. Nxe6 Qxe6 18. Qf2 Bh5 19. Rae1 Ng4 20. Qd2 Nxe3 21. Qxe3 Qc4 22. d5 Bc5 23. Kh1 Bxe3 24. Rxe3 cxd5 25.
Nxd5 Rxd5 26. Rc3 Qxf1+ 27. Bxf1 Rd1 28. Kg2 Bg6 29. Bb5 Rd2+ 30. Kf3 Red8 31. Rc7 a6 32. Be2 Bxe4+ 33. Ke3 Bc6 34. b4 R2d7 35. Rxd7 Rxd7 36. Bc4 Re7+ 0-1

[Event "*** Titled Tuesday Blitz"]
[Site "Chess.com"]
[Date "2020.04.21"]
[Round "5"]
[White "Matibar"]
[Black "NTDVAN12"]
[Result "0-1"]
[WhiteElo "2766"]
[BlackElo "2638"]
[TimeControl "180+1"]
[EndTime "10:56:37 PDT"]
[Termination "NTDVAN12 won by resignation"]

1. Nf3 d5 2. h3 g6 3. c4 d4 4. e3 Nc6 5. exd4 Nxd4 6. Nc3 Bg7 7. Nxd4 Qxd4 8. Nb5 Qd8 9. d4 c6 10. Nc3 Qxd4 11. Qb3 Nf6 12. Be3 Qe5 13. Be2 O-O 14.
O-O b6 15. Bf3 Bb7 16. Rfe1 Qc7 17. c5 Nd7 18. cxb6 axb6 19. Rac1 c5 20. Nd5 Bxd5 21. Bxd5 Rac8 22. Qc2 e6 23. Be4 Nf6 24. Bf3 Nd5 25. Bd2 h6 26. b4 cxb4 27. Qxc7 Rxc7 28. Rxc7 Nxc7 29. Bxb4 Rd8 30. Rb1 Nd5 31. Be1 Bd4 32.
Bd1 Bc3 33. Bb3 Bxe1 34. Rxe1 Nc3 35. Re3 Nb5 36. Bc4 Rd1+ 37. Kh2 Nd4 38. g4 Rd2 39. Kg3 Kg7 40. Bb3 g5 41. f4 Ne2+ 0-1

[Event "*** Titled Tuesday Blitz"]
[Site "Chess.com"]
[Date "2020.04.21"]
[Round "5"]
[White "Belka1989"]
[Black "mirochka"]
[Result "1-0"]
[WhiteElo "2427"]
[BlackElo "2183"]
[TimeControl "180+1"]
[EndTime "10:56:37 PDT"]
[Termination "Belka1989 won by resignation"]

1. e4 c5 2. Nf3 Nc6 3. d4 cxd4 4.
Nxd4 e5 5. Nb5 d6 6. c4 Be7 7. N1c3 a6 8. Na3 f5 9. Bd3 f4 10.
Nc2 Nf6 11. Nd5 O-O 12. O-O f3 13. Nxe7+ Qxe7 14. Qxf3 Nd5 15. Qg3 Nf4 16. Rd1 Be6 17. Bf1 Rf6 18. Bxf4 exf4 19. Qa3 Rd8 20. f3 Ne5 21. c5 d5 22. Qc3 Nc6 23. Nd4 dxe4 24. Nxe6 Rxe6 25. Bc4 Kh8 26. Bxe6 Qxe6 27. Rxd8+ Nxd8 28. fxe4 Qxe4 29. Re1 Qg6 30. Qd4 Nc6 31. Qxf4 h6 32.
Rf1 Qc2 33. Qf8+ Kh7 34. Qf5+ Qxf5 35. Rxf5 1-0

[Event "*** Titled Tuesday Blitz"]
[Site "Chess.com"]
[Date "2020.04.21"]
[Round "5"]
[White "Ind1anStar"]
[Black "DDTerziev04"]
[Result "0-1"]
[WhiteElo "2581"]
[BlackElo "2293"]
[TimeControl "180+1"]
[EndTime "10:56:37 PDT"]
[Termination "DDTerziev04 won by resignation"]

1. c4 e5 2. g3 Nf6 3. Bg2 c6 4. Nc3 d5 5. cxd5 cxd5 6. d4 e4 7. Nh3 Nc6 8. O-O a6 9. Bg5 Bxh3 10. Bxh3 Be7 11. Rc1 h6 12. Be3 O-O 13. f3 exf3 14.
Rxf3 Ne4 15. Rf5 Nxc3 16. bxc3 Bf6 17. Bg2 Ne7 18. Rh5 Qd7 19. Bf3 Rfe8 20. Qd2 g6 21. Rxh6 Nf5 22. Bg4 Re4 23. Bxf5 Qxf5 24. Rf1 Qe6 25.
Rf3 Re8 26. Kf2 Rxe3 27. Rxe3 Qxe3+ 28. Qxe3 Rxe3 29. Rxg6+ fxg6 30. Kxe3 Kf7 31. Kf4 Ke6 32. e4 dxe4 33. Kxe4 b5 34. g4 Bg5 35. h3 Bd2 36. Kd3 Be1 37. c4 bxc4+ 38. Kxc4 Kd6 39. a4 a5 40. Kd3 Kd5 41. Ke3 g5 42. Kd3 Bf2 0-1

[Event "*** Titled Tuesday Blitz"]
[Site "Chess.com"]
[Date "2020.04.21"]
[Round "5"]
[White "Budisavljevic"]
[Black "tteshan"]
[Result "0-1"]
[WhiteElo "2424"]
[BlackElo "2255"]
[TimeControl "180+1"]
[EndTime "10:56:38 PDT"]
[Termination "tteshan won by checkmate"]

1. d4 Nf6 2. Nf3 e6 3. Bf4 b6 4.
e3 Bb7 5. Bd3 Be7 6. h3 d6 7. c4 Nbd7 8. Nc3 c5 9. O-O O-O 10.
d5 e5 11. Bh2 Re8 12. Nd2 Bf8 13. Qc2 g6 14. Rae1 Bg7 15. a3 a5 16. b3 Rc8 17.
Rb1 Qe7 18. b4 axb4 19. axb4 b5 20. bxc5 bxc4 21. Rxb7 cxd3 22. Qxd3 Nxc5 23. Rxe7 Nxd3 24. Rxe8+ Nxe8 25. Nce4 f5 26. Ng5 Rc2 27. Nb3 Nc7 28. Bg3 Nxd5 29. f3 Nxe3 30. Ra1 Rxg2+ 31. Kh1 Rxg3 32.
Ra8+ Bf8 33. Ne6 Nf2+ 34. Kh2 Rg2# 0-1

[Event "*** Titled Tuesday Blitz"]
[Site "Chess.com"]
[Date "2020.04.21"]
[Round "5"]
[White "Chess_Boxer123"]
[Black "jefferyx"]
[Result "0-1"]
[WhiteElo "2543"]
[BlackElo "2843"]
[TimeControl "180+1"]
[EndTime "10:56:39 PDT"]
[Termination "jefferyx won by checkmate"]

1. e4 e5 2. Nf3 Nc6 3. Bb5 Nf6 4. O-O Nxe4 5. Re1 Nd6 6. Nxe5 Be7 7. Bf1 Nf5 8. Nf3 O-O 9. d4 d5 10. Nc3 Bf6 11. Ne2 g5 12. c3 h6 13. Ng3 Ng7 14.
Bd3 Re8 15. Rxe8+ Qxe8 16. Bd2 Be6 17. Qc2 Qd7 18. Re1 Re8 19. Ne5 Qd6 20. f4 gxf4 21.
Bxf4 Bg5 22. Bxg5 hxg5 23. Qf2 Nxe5 24. Rxe5 Qd8 25. Nf5 Bxf5 26. Bxf5 Rxe5 27. dxe5 Qe7 28. Bc8 Qxe5 29. Bxb7 c5 30. h3 d4 31. cxd4 cxd4 32.
Ba6 Nf5 33. Bd3 Ne3 34. Qf3 Kg7 35. Qh5 Qg3 36. Qh7+ Kf6 37. Qe4 Qd6 38. Qf3+ Kg7 39. Qe4 f5 40. Qb7+ Kh6 41. Qxa7 Qg3 42. Qa6+ Kh5 43.
Bf1 g4 44. hxg4+ Nxg4 45. Bd3 Qe1+ 46. Bf1 Qf2+ 47. Kh1 Qh4+ 48. Kg1 Qh2# 0-1

[Event "*** Titled Tuesday Blitz"]
[Site "Chess.com"]
[Date "2020.04.21"]
[Round "5"]
[White "Boundless_Strike"]
[Black "Batica1984"]
[Result "1-0"]
[WhiteElo "2622"]
[BlackElo "2763"]
[TimeControl "180+1"]
[EndTime "10:56:40 PDT"]
[Termination "Boundless_Strike won by resignation"]

1. d4 Nf6 2. Nf3 e6 3. e3 c5 4. Bd3 d5 5. O-O Nc6 6. c3 Bd6 7. Nbd2 O-O 8. dxc5 Bxc5 9. b4 Bd6 10. Bb2 Qe7 11.
e4 Rd8 12. Qe2 e5 13. a3 Bg4 14. h3 Bh5 15. c4 dxe4 16. Nxe4 Nxe4 17. Bxe4 Nd4 18.
Bxd4 exd4 19. Qd3 Bxf3 20. Bxf3 Rac8 21. Rae1 Qc7 22. c5 Be7 23. Re4 Bf6 24. Rfe1 a5 25.
R4e2 axb4 26. axb4 g6 27. Rc2 Re8 28. Rb1 Qe7 29.
g3 Kg7 30. Kg2 h5 31. Ra1 h4 32. Ra7 Rc7 33. Re2 Qd8 34. Rxe8 Qxe8 35. Rxb7 Rxb7 36. Bxb7 hxg3 37. fxg3 Qe1 38. b5 Qc1 39. c6 Qb2+ 40.
Kf3 Be5 41. Ke4 Bc7 42. Qxd4+ 1-0

[Event "*** Titled Tuesday Blitz"]
[Site "Chess.com"]
[Date "2020.04.21"]
[Round "5"]
[White "picturesquecheck"]
[Black "Philosopherrr"]
[Result "0-1"]
[WhiteElo "2200"]
[BlackElo "2481"]
[TimeControl "180+1"]
[EndTime "10:56:40 PDT"]
[Termination "Philosopherrr won by checkmate"]

1. e4 e5 2. Nf3 Nc6 3. Bb5 a6 4. Ba4 Nf6 5. O-O Be7 6. Re1 b5 7. Bb3 d6 8. c3 O-O 9. h3 Bb7 10. d4 Re8 11. Nbd2 exd4 12. cxd4 Nd7 13. Nf1 Na5 14.
Bc2 Bf6 15. Ng3 g6 16. b3 c5 17.
Bb2 Nc6 18. Rc1 cxd4 19. Nxd4 Qb6 20. Nge2 d5 21. Ba1 dxe4 22. Nxb5 Bxa1 23. Rxa1 e3 24. f3 axb5 25. Qxd7 Rad8 26. Qg4 Rd2 27. Rac1 Ne5 28. Qg5 Bxf3 29. Nf4 Bxg2 30. Qf6 Nf3# 0-1

[Event "*** Titled Tuesday Blitz"]
[Site "Chess.com"]
[Date "2020.04.21"]
[Round "5"]
[White "varacalli"]
[Black "EnergeticHay"]
[Result "0-1"]
[WhiteElo "2349"]
[BlackElo "2220"]
[TimeControl "180+1"]
[EndTime "10:56:40 PDT"]
[Termination "EnergeticHay won by checkmate"]

1. d4 Nf6 2. Nf3 g6 3. Bf4 Bg7 4. e3 d6 5. h3 O-O 6. Be2 Nfd7 7. O-O e5 8. Bh2 f5 9. dxe5 dxe5 10. c3 Kh8 11. Nbd2 g5 12. Re1 Nc6 13. Nc4 Qe7 14. a4 h6 15. a5 f4 16. exf4 exf4 17. Bd3 Qf7 18. a6 Nc5 19. axb7 Bxb7 20. Be2 Rae8 21.
Na5 Nxa5 22. Rxa5 Ne4 23. Rxa7 Bd5 24. Nd4 Rb8 25. Bh5 Qd7 26. Bg4 Qd6 27. Nf5 Qc5 28. Rxc7 Qxc7 29. Qxd5 Nf6 30. Qd2 Rbd8 31. Qc2 Qc5 32.
b4 Qd5 33. Nd4 Rfe8 34. Bf3 Rxe1# 0-1

[Event "*** Titled Tuesday Blitz"]
[Site "Chess.com"]
[Date "2020.04.21"]
[Round "5"]
[White "arctic_t00"]
[Black "nihalsarin"]
[Result "1/2-1/2"]
[WhiteElo "2469"]
[BlackElo "3016"]
[TimeControl "180+1"]
[EndTime "10:56:42 PDT"]
[Termination "Game drawn by stalemate"]

1. d4 f5 2. Nf3 Nf6 3. g3 g6 4. Bg2 Bg7 5. O-O O-O 6. b3 d6 7. Bb2 Ne4 8. c4 Nc6 9. Nbd2 Nxd2 10. Qxd2 e5 11. dxe5 dxe5 12. Qd5+ Kh8 13. Qc5 Re8 14. Rad1 Qe7 15. Qxe7 Rxe7 16. e3 e4 17. Bxg7+ Kxg7 18. Nd4 Ne5 19. f3 exf3 20. Nxf3 Ng4 21. Rfe1 c6 22.
Rd8 Rd7 23. Rxd7+ Bxd7 24. e4 Re8 25. exf5 Rxe1+ 26. Nxe1 Bxf5 27. b4 Be6 28. b5 Bxc4 29. bxc6 bxc6 30. Bxc6 Ne5 31. Be4 Bxa2 32. Kf2 Ng4+ 33.
Kg2 a5 34. h3 Bd5 35. Kf3 Ne3 36. Kxe3 Be6 37. Bd3 Bxh3 38. Nc2 Kf6 39. Na3 Bd7 40. Bb5 Bxb5 41. Nxb5 Ke5 42. Na3 a4 43. Kd3 h5 44.
Ke3 g5 45. Nb1 Kf5 46. Kf3 Ke5 47. Ke3 Kf5 48. Kf3 Kf6 49. Ke4 Ke6 50. Na3 Kf6 51. Nc4 Kg6 52. Ke5 h4 53. gxh4 gxh4 54. Kf4 Kh5 55.
Kf3 Kg5 56. Na3 Kf5 57. Nb1 Ke5 58. Kg4 h3 59. Kxh3 Kd4 60. Kg3 Kd3 61. Kf3 Kc2 62.
Na3+ Kb3 63. Nb5 Kc4 64. Na3+ Kb3 65. Nb5 Kb4 66. Nd4 Kc4 67. Ke4 a3 68. Nc2 a2 69.
Na1 Kc3 70. Ke3 Kb2 71. Kd3 Kxa1 72. Kc2 1/2-1/2

[Event "*** Titled Tuesday Blitz"]
[Site "Chess.com"]
[Date "2020.04.21"]
[Round "5"]
[White "vlad_Sid"]
[Black "White_Ghost"]
[Result "1-0"]
[WhiteElo "2635"]
[BlackElo "2437"]
[TimeControl "180+1"]
[EndTime "10:56:42 PDT"]
[Termination "vlad_Sid won by resignation"]

1. Nf3 Nf6 2. g3 g6 3. Bg2 Bg7 4. c4 O-O 5. O-O d6 6. Nc3 Nbd7 7. d3 e5 8. Rb1 Ne8 9. b4 f5 10. Qc2 Nef6 11. b5 f4 12. a4 h6 13. gxf4 Nh5 14. fxe5 Nxe5 15. Nxe5 Bxe5 16. d4 Bf5 17. e4 Bxd4 18.
exf5 Rxf5 19. Bxb7 Qh4 20. Bxa8 Nf6 21. Bg2 Ng4 22.
h3 Nxf2 23. Kh2 Ng4+ 24. Kh1 Qg3 25. Bf4 Rxf4 26. Qxg6+ Kh8 27. Qe8+ Kh7 28. Qe7+ Kh8 29. hxg4 Be5 30. Rxf4 Qxf4 31. Qh4 Bxc3 32. Rf1 Qe3 33. Qd8+ Kg7 34. Qf8+ Kg6 35. Qf5+ Kg7 36. Qf7+ Kh8 37. Qf8+ Kh7 38. Rf7+ Kg6 39. Qg8+ 1-0

[Event "*** Titled Tuesday Blitz"]
[Site "Chess.com"]
[Date "2020.04.21"]
[Round "5"]
[White "tomsishere"]
[Black "GMMatamoros"]
[Result "0-1"]
[WhiteElo "2359"]
[BlackElo "2528"]
[TimeControl "180+1"]
[EndTime "10:56:42 PDT"]
[Termination "GMMatamoros won by checkmate"]

1. d4 Nf6 2. c4 c5 3. d5 g6 4.
Nc3 Bg7 5. e4 d6 6. Nge2 e6 7.
Ng3 exd5 8. cxd5 h5 9. Be2 Nbd7 10. f3 h4 11. Nf1 a6 12. a4 Nh7 13. Bf4 Ne5 14. Nd2 O-O 15. O-O f5 16. exf5 Bxf5 17. Be3 Qe7 18. Nde4 Rae8 19. Kh1 h3 20. g3 g5 21.
Nxg5 Nxg5 22. Bxg5 Qxg5 23. f4 Qg6 24. Bh5 Be4+ 25.
Kg1 Nf3+ 26. Bxf3 Bd4+ 27. Kh1 Bxf3+ 28. Rxf3 Re7 29. Qf1 Qg4 30. Ne2 Bxb2 31. Rb1 Bg7 32. Ng1 Rfe8 33. Nxh3 Re1 34. Rxe1 Rxe1 35. Qxe1 Qxf3+ 36. Kg1 Bd4+ 37. Nf2 Kf8 38. Kf1 b5 39. axb5 axb5 40.
Qb1 Qxf2# 0-1

[Event "*** Titled Tuesday Blitz"]
[Site "Chess.com"]
[Date "2020.04.21"]
[Round "5"]
[White "AcsinteMatei"]
[Black "ChristianAlm"]
[Result "0-1"]
[WhiteElo "2250"]
[BlackElo "2458"]
[TimeControl "180+1"]
[EndTime "10:56:43 PDT"]
[Termination "ChristianAlm won by checkmate"]

1. d4 Nf6 2. Bf4 e6 3. e3 b6 4.
Bd3 Bb7 5. Nf3 d6 6. Nbd2 Nbd7 7. h4 Qe7 8. Qe2 e5 9. dxe5 dxe5 10. Nxe5 Nxe5 11.
Bb5+ c6 12. Ba4 Nd5 13. Bg3 g6 14. Bxe5 Qxe5 15. O-O-O Bg7 16. Nc4 Qe7 17. Rxd5 O-O 18. Rd2 b5 19. Rhd1 bxc4 20. Qxc4 Rfd8 21. Bb3 Rxd2 22. Rxd2 Rf8 23. c3 c5 24. Qb5 Bxg2 25.
Rd7 Qxh4 26. Qe2 Qh1+ 27. Kd2 Bf3 28. Qc4 Qg1 29. Rxf7 Qxf2+ 30. Kc1 Qe1+ 31. Kc2 Qd1# 0-1

[Event "*** Titled Tuesday Blitz"]
[Site "Chess.com"]
[Date "2020.04.21"]
[Round "5"]
[White "Durarbayli"]
[Black "Taron_Shagbazyan"]
[Result "1-0"]
[WhiteElo "2818"]
[BlackElo "2628"]
[TimeControl "180+1"]
[EndTime "10:56:44 PDT"]
[Termination "Durarbayli won by resignation"]

1. e4 e5 2. Nf3 Nc6 3. Bb5 a6 4.
Ba4 Nf6 5. d3 d6 6. c3 Be7 7.
Nbd2 O-O 8. Nf1 b5 9. Bc2 d5 10.
exd5 Nxd5 11. Ng3 h5 12. Nxh5 b4 13. Bd2 bxc3 14. bxc3 Ba3 15. Rb1 Bg4 16. Ng3 Nf4 17. O-O Nxd3 18. h3 Be6 19. Bg5 Nb2 20. Qe2 f6 21. Bc1 Nc4 22. Qe4 Qd5 23. Qh7+ Kf7 24. Bg6+ Ke7 25. Qxg7+ Bf7 26. Bxa3+ Nxa3 27. Rbd1 Qc5 28.
Ne4 1-0

[Event "*** Titled Tuesday Blitz"]
[Site "Chess.com"]
[Date "2020.04.21"]
[Round "5"]
[White "Bajecny"]
[Black "LuckSlayeer"]
[Result "1/2-1/2"]
[WhiteElo "2375"]
[BlackElo "2516"]
[TimeControl "180+1"]
[EndTime "10:56:44 PDT"]
[Termination "Game drawn by agreement"]

1. d4 Nf6 2. Nf3 e6 3. c4 Bb4+ 4. Nbd2 O-O 5. a3 Be7 6. e4 d5 7. e5 Nfd7 8. Bd3 c5 9. cxd5 exd5 10. O-O cxd4 11. Re1 Nc6 12. Nb3 Re8 13. Nbxd4 Nxd4 14. Nxd4 Nc5 15. Bc2 Bf8 16. b4 Ne6 17. Nf5 b6 18. Qh5 g6 19. Nh6+ Bxh6 20. Qxh6 d4 21. Bb3 Qe7 22.
Bxe6 Bxe6 23. Bg5 Qf8 24. Qxf8+ Rxf8 25. Rad1 Rfc8 26. Rxd4 Kf8 27. Red1 Ke8 28. Bf6 Rab8 29. h4 h5 30. f3 Kf8 31. R1d2 Rc1+ 32. Kf2 Re8 33.
Rd8 Rc8 34. Rxe8+ Kxe8 35. Rd4 Kf8 36. g4 hxg4 37. fxg4 Kg8 38. Kg3 Kh7 39. Kf4 Re8 40. Kg5 Rc8 41. a4 Re8 42. a5 bxa5 43. bxa5 Rc8 44.
h5 Rc4 45. hxg6+ fxg6 46. Rf4 Rxf4 47. Kxf4 Kg8 48. g5 Kf7 49. Ke4 Ke8 50. Kd4 Kd7 51. Kc5 Bf5 52. Kb5 Bd3+ 53. Kb4 Ke6 54. Kc5 a6 1/2-1/2

[Event "*** Titled Tuesday Blitz"]
[Site "Chess.com"]
[Date "2020.04.21"]
[Round "5"]
[White "ItsCheckM8Mate"]
[Black "Onwgs"]
[Result "0-1"]
[WhiteElo "2241"]
[BlackElo "2486"]
[TimeControl "180+1"]
[EndTime "10:56:45 PDT"]
[Termination "Onwgs won on time"]

1. e4 e5 2. Nf3 Nc6 3. Bb5 a6 4. Ba4 Nf6 5. O-O Be7 6. Re1 b5 7. Bb3 d6 8. c3 O-O 9. h3 Nb8 10. d4 Nbd7 11. Nbd2 Bb7 12. Bc2 Re8 13. Nf1 Bf8 14.
Ng3 g6 15. Bg5 h6 16. Bd2 Bg7 17. h4 Kh7 18. a4 c6 19. Bb3 Qe7 20. h5 Nxh5 21. Nxh5 gxh5 22. Nh2 Nf6 23. Qf3 Rg8 24. Qf5+ Kh8 25. f4 Bc8 26. fxe5 Bxf5 27. exf5 dxe5 28. dxe5 Ng4 29. Nxg4 hxg4 30. f6 Qd7 31. fxg7+ Rxg7 32.
Bxh6 Rh7 33. Bg5 Re8 34. Rad1 Qf5 35. Bf6+ Kg8 36. e6 fxe6 37. Be5 Qh5 38. Bd6 Rh6 39.
axb5 axb5 40. Rd2 Rg6 41. Rde2 g3 0-1

[Event "*** Titled Tuesday Blitz"]
[Site "Chess.com"]
[Date "2020.04.21"]
[Round "5"]
[White "saisree"]
[Black "Noam_Vitenberg"]
[Result "1-0"]
[WhiteElo "2341"]
[BlackElo "2486"]
[TimeControl "180+1"]
[EndTime "10:56:46 PDT"]
[Termination "saisree won on time"]

1. e4 e5 2. Nf3 Nc6 3. Bc4 Bc5 4. c3 Nf6 5. d3 a6 6. Bb3 d5 7. exd5 Nxd5 8. Qe2 O-O 9. O-O Re8 10. Bg5 f6 11. Be3 Ba7 12. Nbd2 Be6 13. Bxa7 Nxa7 14. d4 exd4 15.
Nxd4 Bf7 16. Qg4 Nc6 17. Nxc6 bxc6 18. Nf3 a5 19. Nd4 Qd6 20. Ba4 Ra6 21. Rad1 Qc5 22.
Nf5 Bg6 23. Nh4 Ne7 24. Nxg6 Nxg6 25. Qd7 Re2 26. Bb3+ Kh8 27. Qc8+ Nf8 28. Qxa6 Rxb2 29. Rd8 g6 30. Qc8 Kg7 31. Qxc7+ Kh6 32. Rd4 Qg5 33. Qe7 1-0

[Event "*** Titled Tuesday Blitz"]
[Site "Chess.com"]
[Date "2020.04.21"]
[Round "5"]
[White "losersgame"]
[Black "tan275"]
[Result "1/2-1/2"]
[WhiteElo "2337"]
[BlackElo "2150"]
[TimeControl "180+1"]
[EndTime "10:56:46 PDT"]
[Termination "Game drawn by repetition"]

1. d4 Nf6 2. c4 e6 3. Nc3 d5 4. Bg5 Be7 5. e3 h6 6. Bh4 O-O 7.
Nf3 b6 8. Qc2 Bb7 9. Rd1 Nbd7 10. Be2 c5 11. dxc5 Nxc5 12. O-O Rc8 13. Ne5 Nfe4 14. Bxe7 Qxe7 15. cxd5 exd5 16. Nf3 Nxc3 17.
bxc3 Ne4 18. Rd3 Ba6 19. Rd4 Bxe2 20. Qxe2 Nxc3 21. Qa6 Rc5 22. h3 Rfc8 23. Qd3 Ra5 24. Kh2 Qc7+ 25. g3 Nxa2 26. Rg4 Qd7 27. Nd4 Rc3 28. Qb1 g6 29. Rxg6+ fxg6 30. Qxg6+ Qg7 31. Qe8+ Qf8 32. Qg6+ Qg7 33. Qe8+ Qf8 34. Qg6+ Qg7 1/2-1/2

[Event "*** Titled Tuesday Blitz"]
[Site "Chess.com"]
[Date "2020.04.21"]
[Round "5"]
[White "kakakz"]
[Black "AlexandraSamaganova"]
[Result "1-0"]
[WhiteElo "2378"]
[BlackElo "2119"]
[TimeControl "180+1"]
[EndTime "10:56:47 PDT"]
[Termination "kakakz won by resignation"]

1. d4 Nf6 2. c4 e6 3. Nf3 Bb4+ 4.
Bd2 Qe7 5. g3 O-O 6. Bg2 Nc6 7.
O-O Bxd2 8. Nbxd2 d6 9. e4 e5 10. d5 Nb8 11. Ne1 a5 12. Nd3 Na6 13. Qc2 b6 14. a3 Bg4 15. f3 Bh5 16. b4 axb4 17. axb4 Bg6 18. Ra2 c5 19. dxc6 Rfc8 20. Rfa1 Nc7 21.
Bh3 Rcb8 22. b5 d5 23. Rxa8 Rxa8 24. Rxa8+ Nxa8 25. cxd5 Ne8 26. Nc4 Nd6 27. Qa2 Nc7 28. Nxd6 Qxd6 29. Qb2 f6 30. Qb4 Qd8 31. d6 Ne8 32. c7 Nxc7 33. Qc4+ Bf7 34. Qxc7 Qa8 35. Qc8+ Qxc8 36. Bxc8 1-0

[Event "*** Titled Tuesday Blitz"]
[Site "Chess.com"]
[Date "2020.04.21"]
[Round "5"]
[White "Rinas_Oleg"]
[Black "kuba2006"]
[Result "0-1"]
[WhiteElo "2238"]
[BlackElo "2440"]
[TimeControl "180+1"]
[EndTime "10:56:47 PDT"]
[Termination "kuba2006 won on time"]

1. e4 e5 2. Nf3 Nc6 3. Bb5 a6 4. Ba4 Nge7 5. O-O g6 6. d3 Bg7 7.
Nbd2 O-O 8. c3 b5 9. Bc2 d5 10. a4 Bb7 11. axb5 axb5 12. Rxa8 Qxa8 13. Qe2 Rd8 14. Nb3 Bc8 15. h3 f5 16. Nc5 Qa7 17. b4 d4 18. cxd4 exd4 19. exf5 Nxf5 20. Bg5 Rf8 21.
Bb3+ Kh8 22. Qe4 Nxb4 23. Ne6 Bxe6 24. Qxe6 Nxd3 25. Qd5 Qc5 26. Qd7 Ne5 27. Qe6 Nxf3+ 28. gxf3 Qd6 29. Qxd6 Nxd6 30. Be7 Rxf3 31. Bxd6 cxd6 32.
Bd5 Rxh3 0-1

[Event "*** Titled Tuesday Blitz"]
[Site "Chess.com"]
[Date "2020.04.21"]
[Round "5"]
[White "HrvojeZagreb"]
[Black "ChessAintFun"]
[Result "0-1"]
[WhiteElo "2125"]
[BlackElo "2571"]
[TimeControl "180+1"]
[EndTime "10:56:47 PDT"]
[Termination "ChessAintFun won by checkmate"]

1. d4 Nf6 2. Bf4 g6 3. Nc3 d5 4.
e3 Bg7 5. h4 h5 6. Nf3 O-O 7. Ne5 c5 8. Be2 Nc6 9. f3 cxd4 10. exd4 Ne8 11. Qd2 Nxe5 12. dxe5 Nc7 13. O-O-O d4 14. Qxd4 Qxd4 15. Rxd4 Ne6 16. Re4 Nxf4 17.
Rxf4 Bh6 18. g3 Be6 19. Kb1 Bxf4 20. gxf4 Rfd8 21. Ne4 Rd4 22. c3 Rdd8 23. Kc1 Bxa2 24. Rg1 Bd5 25. f5 Kh7 26. e6 Bxe4 27. fxe4 fxe6 28.
Rxg6 exf5 29. exf5 Rd6 30. Rg5 Rf8 31. Bxh5 Kh6 32.
Bg6 e6 33. Rh5+ Kg7 34. Rh7+ Kf6 35. Rh5 exf5 36. Bxf5 Rd5 37. Bg4 Rxh5 38. Bxh5 Rh8 39. Bf3 b6 40. h5 Kf5 41. Bd1 Kf4 42. Kc2 Kg5 43. b4 Rd8 44. Be2 Re8 45. Bd1 Re3 46.
Kd2 Rh3 47. c4 Kf4 48. c5 Ke5 49. cxb6 axb6 50. Kc2 Kd4 51. Kb2 Kc4 52. Bg4 Rh2+ 53. Kc1 Kxb4 54. Bf3 Kc3 55. Kd1 b5 56. Kc1 b4 57. Kb1 b3 58. Kc1 Rf2 59. Bd1 b2+ 60. Kb1 Rf1 61. Ka2 Rxd1 62. h6 Ra1# 0-1